 Dungeon Crawl Stone Soup version 0.31.0 (webtiles) character file.

Game seed: 11188687338118857345

2045 Sobieck the Skirmisher (level 9, -12/63 HPs)
             Began as a Mummy Hunter on Jan 19, 2024.
             Was a Follower of Qazlal.
             Mangled by a hornet (13 damage)
             ... on level 6 of the Dungeon.
             The game lasted 00:16:11 (8727 turns).

Sobieck the Skirmisher (Mummy Hunter)               Turns: 8727, Time: 00:16:12

Health: -12/63     AC: 11    Str: 15    XL:     9   Next: 4%
Magic:  4/10       EV: 17    Int:  8    God:    Qazlal [*.....]
Gold:   399        SH:  2    Dex: 19    Spells: 8/8 levels left

rFire   x . .        b - +0 orcbow
rCold   + . .        (shield currently unavailable)
rNeg    + + +        c - +0 leather armour
rPois   ∞            e - +1 helmet
rElec   .            j - +0 cloak
rCorr   .            q - +0 pair of gloves
SInv    .            (no boots)
Will    +....        (no amulet)
Stlth   ++           t - +4 ring of protection
HPRegen 0.30/turn    d - +5 ring of evasion
MPRegen 0.12/turn

%: faith
@: about to teleport
A: cold resistance 1, negative energy resistance 3, torment resistance 2, heat
vulnerability 1, in touch with death 1, no potions, faith
a: Renounce Religion


You were on level 6 of the Dungeon.
You worshipped Qazlal.
Qazlal was aware of your devotion.
You visited 2 branches of the dungeon, and saw 8 of its levels.

You collected 399 gold pieces.

Inventory:

Hand Weapons
 a - a +1 shortbow
 b - a +0 orcbow (weapon)
Missiles
 Z - a throwing net
Armour
 c - a +0 leather armour (worn)
 e - a +1 helmet (worn)
 j - a +0 cloak (worn)
 q - a +0 pair of gloves (worn)
Jewellery
 d - a +5 ring of evasion (right hand)
 t - a +4 ring of protection (left hand)
Wands
 l - a wand of mindburst (18)
 r - a wand of light (6)
 D - a wand of digging (5)
 P - a wand of paralysis (14)
Scrolls
 f - a scroll of torment {unknown}
 g - a scroll of fear {unknown}
 h - 2 scrolls of noise
 n - a scroll of amnesia
 o - 2 scrolls of immolation
 p - a scroll of fog
 s - 2 scrolls of vulnerability
 T - 2 scrolls of teleportation


   Skills:
 + Level 3.1 Fighting
 - Level 10.0 Ranged Weapons
 + Level 2.4 Dodging
 - Level 0.7 Stealth
 + Level 1.9 Invocations


You had 8 spell levels left.
You didn't know any spells.
Your spell library contained the following spells:

 Spells                   Type           Power      Damage    Failure   Level
 Ensorcelled Hibernation  Hex/Ice        0%         N/A       63%         2
 Fugue of the Fallen      Necr           0%         N/A       85%         3
 Anguish                  Hex/Necr       0%         N/A       99%         4


Dungeon Overview and Level Annotations

Branches:
Dungeon (7/15)             Temple (1/1) D:4

Altars:
Ashenzari
Cheibriados
Dithmenos
Fedhas
Gozag
Hepliaklqana
Kikubaaqudgha
Nemelex Xobeh
Okawaru
Qazlal
Ru
Sif Muna
Trog
Uskayaw
Vehumet
Wu Jian
Xom
Yredelemnul

Shops:
D:5 *

Annotations:
D:5 2 transporters, Esekla's ghost, amateur OpDe


Innate Abilities, Weirdness & Mutations

You are immune to poison.
Your flesh is cold resistant. (rC+)
You are immune to negative energy. (rN+++)
You are immune to unholy pain and torment.
You are vulnerable to heat. (rF-)
You are in touch with the powers of death.
You do not drink.
You have a special connection with the divine. (Faith)


Message History

The arrow hits the hornet but does no damage.
The hornet is almost dead.
The hornet stings you! The hornet misses you.
Unknown command.
You shoot an arrow. The arrow completely misses the hornet.
The hornet barely misses you.
Unknown command.
You shoot an arrow. The arrow misses the hornet.
The hornet stings you! The hornet closely misses you.
Unknown command.
You shoot an arrow. The arrow closely misses the hornet.
The hornet barely misses you.
Unknown command.
You shoot an arrow. The arrow misses the hornet.
The hornet stings you!
* * * LOW HITPOINT WARNING * * *
The hornet stings you but does no damage.
Unknown command.
You shoot an arrow. The arrow barely misses the hornet.
The hornet closely misses you.
Unknown command.
Aiming: Upheaval
Press: ? - help, Dir - move target, f/p - hornet
Aim: a hornet (almost dead)
Okay, then.
Unknown command.
Aiming: Upheaval
Press: ? - help, Dir - move target, p - hornet The ground shakes violently, spewing rubble!
The hornet barely misses you.
The hornet stings you but does no damage.
Aiming: Upheaval
Press: ? - help, Dir - move target Magma suddenly erupts from the ground!
You can no longer call upon nature to destroy your foes.
The hornet completely misses you.
Okay, then.
Unknown command.
Unknown command.
You shoot an arrow. The arrow closely misses the hornet.
The hornet stings you but does no damage.
The hornet barely misses you.
You can't drink.
Unknown command.
As you read the scroll of teleportation, it crumbles to dust.
You feel strangely unstable. The hornet stings you!
* * * LOW HITPOINT WARNING * * *
Unknown command.
Unknown command.
The hornet stings you!
You die...

...........'.....#
...........#.....#
..##>..##..####.######
####...##..####.##...#
#.....#.....#......#
#.....+.....#......#
#.....#.....#.§....#
#.....#.....#.y>°..#
#.....#.....#.@.§..#
##.......####.######
############.##...#
#.........#
#.........#
#.........#
#....[....#
###########


You could see a hornet.

Vanquished Creatures
  Sigmund (D:6)
  2 water moccasins (D:6)
  A black bear (D:5)
  An ice beast (D:6)
  An ogre (D:6)
  A centaur (D:5)
  4 scorpions
  2 bullfrogs
  A bombardier beetle (D:5)
  A howler monkey (D:5)
  7 hounds
  2 jellies
  An orc priest (D:6)
  4 iguanas
  8 orc wizards
  4 gnolls (D:5)
  10 adders
  A shadow imp (D:6)
  A white imp (D:5)
  5 dart slugs
  5 ribbon worms (D:2)
  26 orcs
  5 bats
  12 endoplasms
  4 giant cockroaches
  6 goblins
  9 hobgoblins
  3 jackals (D:3)
  2 quokkas (D:2)
  11 ball pythons
  A frilled lizard (D:2)
  12 kobolds
  4 rats
158 creatures vanquished.

Notes
Turn   | Place    | Note
-------+----------+-------------------------------------------
     0 | D:1      | Sobieck the Mummy Hunter began the quest for the Orb.
     0 | D:1      | Reached XP level 1. HP: 16/16 MP: 1/1
   209 | D:1      | Reached XP level 2. HP: 22/22 MP: 2/2
   389 | D:1      | Reached skill level 4 in Ranged Weapons
   522 | D:1      | Reached XP level 3. HP: 27/27 MP: 3/3
   943 | D:2      | Found a faded altar of an unknown god.
  1188 | D:2      | Reached XP level 4. HP: 28/33 MP: 4/4
  2016 | D:3      | Reached skill level 5 in Ranged Weapons
  2630 | D:4      | Noticed a scorpion
  2645 | D:4      | Killed a scorpion
  2646 | D:4      | Reached XP level 5. HP: 16/38 MP: 5/5
  3033 | D:4      | Found a bloodstained altar of Trog.
  3072 | D:4      | Found a staircase to the Ecumenical Temple.
  3080 | D:4      | Reached skill level 6 in Ranged Weapons
  3080 | D:4      | Reached XP level 6. HP: 44/44 MP: 6/6
  3089 | Temple   | Entered the Ecumenical Temple
  3097 | Temple   | Became a worshipper of Qazlal Stormbringer
  3664 | D:5      | Entered Level 5 of the Dungeon
  3774 | D:5      | Found a transporter.
  3777 | D:5      | Noticed Esekla's ghost (amateur OpDe)
  3779 | D:5      | Found a transporter.
  4463 | D:5      | Reached skill level 7 in Ranged Weapons
  4718 | D:4      | Reached XP level 7. HP: 43/50 MP: 7/7
  5035 | D:5      | Reached * piety under Qazlal
  5329 | D:5      | Reached skill level 8 in Ranged Weapons
  5567 | D:5      | Found Ixodam's Lightly-Used Armoury.
  6174 | D:5      | Reached XP level 8. HP: 56/56 MP: 8/8
  6730 | D:6      | Reached skill level 9 in Ranged Weapons
  7715 | D:6      | Reached skill level 10 in Ranged Weapons
  7721 | D:6      | Noticed Sigmund
  7872 | D:6      | Killed Sigmund
  7873 | D:6      | Reached skill level 1 in Invocations
  8019 | D:6      | Reached XP level 9. HP: 62/62 MP: 10/10
  8102 | D:6      | Reached skill level 3 in Fighting
  8102 | D:6      | Reached ** piety under Qazlal
  8140 | D:6      | Found an iron altar of Okawaru.
  8726 | D:6      | HP: 1/63 [hornet (10)]
  8727 | D:6      | Mangled by a hornet

Illustrated notes

Levels and vault maps discovered:
D:1:      eino_arrival_tree_alley, layout_basic
D:2:      layout_basic, ebering_ecumenical_altar_petrified,
          kennysheep_generic_room_5
D:3:      layout_basic
D:4:      layout_basic, trog_hazing_becter, temple_green,
          minmay_misc_feat_more_columns
D:5:      layout_basic, gammafunk_ghost_mausoleum, roderic_serpentine_path,
          minmay_shop_damaged, kennysheep_generic_room_14
D:6:      layout_gridville, mainiacjoe_overflow_alcove_4, minmay_pentangle,
          uniq_sigmund
D:7:      layout_basic, kennysheep_mini_moat, uniq_joseph
Temple:   dpeg_three_leaves_temple

Skill      XL: |  1  2  3  4  5  6  7  8  9 |
---------------+----------------------------+-----
Ranged Weapons | 4 5 6 7 8 10 | 10.0
Dodging        | 2 |  2.4
Invocations    | 1 |  1.9
Fighting       | 3 |  3.1
Stealth        | |  0.7

Action                     |  1- 3 |  4- 6 |  7- 9 || total
---------------------------+-------+-------+-------++-------
  Melee: Orcbow            |       |       |     1 ||     1
   Fire: Shortbow          |    87 |   305 |    39 ||   431
         Orcbow            |       |       |   254 ||   254
 Invoke: Upheaval          |       |       |     2 ||     2
    Use: Scroll            |       |     1 |    11 ||    12
 Armour: Leather armour    |     9 |   113 |    92 ||   214
  Dodge: Dodged            |    10 |   126 |   180 ||   316
  Block: Other             |       |       |    14 ||    14
